 Dungeon Crawl Stone Soup version 0.25-a0-544-gee0576305d (webtiles) character file.

Game seed: 10526649323910215824, levelgen mode: deterministic

49373 vurker the Zephyrmancer (level 14, -6/66 HPs)
             Began as a Felid Air Elementalist on Feb 20, 2020.
             Was the Champion of Vehumet.
             Mangled by a wolf spider (14 damage)
             ... on level 3 of the Spider Nest.
             The game lasted 01:05:26 (43806 turns).

vurker the Zephyrmancer (Felid Air Elementalist)   Turns: 43806, Time: 01:05:27

Health: -6/66      AC:  3    Str:  4    XL:     14   Next: 15%
Magic:  21/41      EV: 27    Int: 20    God:    Vehumet [******]
Gold:   2205       SH:  0    Dex: 20    Spells: 15/40 levels left
                                        Lives:  0   Deaths: 4

rFire    . . .     SeeInvis +   (weapon unavailable)
rCold    + . .     Gourm    .   (shield unavailable)
rNeg     . . .     Faith    +   (armour unavailable)
rPois    .         Spirit   .   (helmet unavailable)
rElec    .         Reflect  .   (cloak unavailable)
rCorr    .         Harm     .   (gloves unavailable)
MR       +++..                  (boots unavailable)
Stlth    ++........             J - amulet of faith
HPRegen  0.21/turn              F - ring of protection from magic
MPRegen  0.27/turn              w - ring of magical power

@: confused, quick
A: very small, no armour, no weapons or thrown items, stealth, claws 1, fangs 3,
see invisible, agile 1, carnivore, dopey 1, speed 1, shaggy fur 3, slow
metabolism 1, MP-powered wands, sharp paws
a: Renounce Religion


You were on level 3 of the Spider Nest.
You worshipped Vehumet.
Vehumet was exalted by your worship.
You were very full.

You visited 5 branches of the dungeon, and saw 27 of its levels.

You collected 2340 gold pieces.
You spent 135 gold pieces at shops.

Inventory:

Jewellery
 k - an uncursed ring of wizardry
   (You found it on level 2 of the Dungeon)
 p - an uncursed amulet of guardian spirit {unknown}
   (You found it on level 2 of the Spider Nest)
 w - a ring of magical power (right paw)
   (You found it on level 2 of the Dungeon)
 z - the ring "Lituw" {rPois rC+ MP-9 Str+3}
   (You bought it in a shop on level 2 of the Orcish Mines)

   [ring of protection from cold]

   It affects your strength (+3).
   It protects you from cold.
   It protects you from poison.
   It affects your magic capacity (-9).
 D - an uncursed ring of positive energy
   (You found it on level 3 of the Lair of Beasts)
 F - a ring of protection from magic (left paw)
   (You found it on level 15 of the Dungeon)
 H - an uncursed ring of protection from cold
   (You found it on level 15 of the Dungeon)
 J - an amulet of faith (around neck)
   (You found it on level 15 of the Dungeon)
Wands
 d - a wand of polymorph (2)
   (You found it on level 5 of the Lair of Beasts)
 q - a wand of clouds (4)
   (You found it on level 11 of the Dungeon)
 t - a wand of flame (21)
   (You found it on level 15 of the Dungeon)
 u - a wand of paralysis (15)
   (You found it on level 4 of the Lair of Beasts)
 v - a wand of digging (8)
   (You took it off Joseph on level 7 of the Dungeon)
 x - a wand of acid (4)
   (You found it on level 5 of the Lair of Beasts)
 A - a wand of enslavement (7)
   (You found it on level 3 of the Lair of Beasts)
Scrolls
 c - 5 scrolls of identify
 f - 9 scrolls of teleportation
 g - 4 scrolls of fear
 h - 8 scrolls of amnesia
 j - 3 scrolls of fog
 n - 9 scrolls of remove curse
 o - 3 scrolls of magic mapping
 r - 3 scrolls of noise
 s - 8 scrolls of immolation
Potions
 a - 11 potions of haste
 b - 3 potions of magic
 i - 3 potions of flight
 l - 5 potions of curing
 m - 3 potions of invisibility
 y - 3 potions of lignification
 B - a potion of heal wounds
 C - a potion of ambrosia
 G - a potion of resistance
 K - a potion of cancellation
Comestibles
 e - 52 rations


   Skills:
 + Level 10.9 Fighting
 - Level 10.0 Dodging
 - Level 2.6 Stealth
 * Level 13.8 Spellcasting
 - Level 8.0 Conjurations
 + Level 8.6 Hexes
 * Level 7.5 Summonings
 * Level 13.9 Air Magic
 - Level 3.0 Poison Magic
 + Level 8.9 Evocations


You had 15 spell levels left.
You knew the following spells:

 Your Spells              Type           Power        Failure   Level  Hunger
a - Shock                 Conj/Air       ####         1%          1    None
b - Lightning Bolt        Conj/Air       ######....   1%          5    ####...
c - Airstrike             Air            ######....   1%          4    None
q - Olgreb's Toxic Radia  Pois           ####....     4%          4    None
w - Summon Mana Viper     Hex/Summ       #####...     4%          5    ####...
z - Freezing Cloud        Conj/Ice/Air   #####.....   10%         6    #####..

Your spell library contained the following spells:

 Spells                   Type           Power        Failure   Level  Hunger
 Ozocubu's Refrigeration  Ice            ##........   83%         6    #####..
 Corona                   Hex            #####..      1%          1    None
 Sandblast                Erth           ##....       1%          1    None
 Summon Butterflies       Summ           #####...     1%          1    None
 Summon Small Mammal      Summ           ####         1%          1    None
 Call Imp                 Summ           #####...     1%          2    None
 Ensorcelled Hibernation  Hex/Ice        ####..       1%          2    None
 Poisonous Vapours        Pois/Air       #####.       1%          2    None
 Slow                     Hex            #####...     1%          2    None
 Swiftness                Chrm/Air       #####...     1%          2    None
 Call Canine Familiar     Summ           #####...     1%          3    None
 Inner Flame              Hex/Fire       ####....     1%          3    None
 Mephitic Cloud           Conj/Pois/Air  #####...     1%          3    None
 Static Discharge         Conj/Air       ######..     1%          3    None
 Stone Arrow              Conj/Erth      ####..       1%          3    None
 Summon Guardian Golem    Hex/Summ       #####...     1%          3    None
 Cause Fear               Hex            #####.....   1%          4    None
 Fulminant Prism          Conj/Hex       #####.....   1%          4    None
 Summon Lightning Spire   Summ/Air       ######..     1%          4    None
 Recall                   Summ/Tloc      N/A          3%          3    None
 Animate Skeleton         Necr           N/A          4%          1    None
 Pain                     Necr           ##..         4%          1    None
 Aura of Abjuration       Summ           #####.....   6%          5    ####...
 Summon Demon             Summ           #####.....   6%          5    ####...
 Passwall                 Tmut/Erth      ##......     7%          2    None
 Leda's Liquefaction      Hex/Erth       ####......   8%          4    None
 Summon Ice Beast         Ice/Summ       ####....     10%         4    None
 Vampiric Draining        Necr           ##........   14%         3    None
 Metabolic Englaciation   Hex/Ice        ####......   22%         5    ####...
 Summon Forest            Summ/Tloc      ####......   28%         5    ####...
 Lee's Rapid Deconstruct  Erth           ##........   32%         5    ####...
 Shadow Creatures         Summ           N/A          32%         6    #####..
 Deflect Missiles         Chrm/Air       #####.....   38%         6    #####..
 Animate Dead             Necr           N/A          43%         4    None
 Petrify                  Tmut/Erth      ##......     43%         4    None
 Agony                    Necr           ##......     78%         5    ####...
 Summon Hydra             Summ           #####.....   88%         7    #######
 Portal Projectile        Hex/Tloc       Unusable     N/A         3    N/A

Dungeon Overview and Level Annotations

Branches:
Dungeon (15/15)            Temple (1/1) D:4            Lair (6/6) D:8
 Shoals (0/4) Lair:4       Spider (3/4) Lair:2        Slime (0/5) Lair:6
    Orc (2/2) D:9             Elf (0/3) Orc:2        Vaults (0/5) D:13
 Depths (0/5) D:15

Altars:
Ashenzari
Cheibriados
Dithmenos
Elyvilon
Fedhas
Gozag
Hepliaklqana
Kikubaaqudgha
Makhleb
Nemelex Xobeh
Okawaru
Qazlal
Ru
Sif Muna
Trog
Uskayaw
Vehumet
Wu Jian
Xom
Yredelemnul
Zin
The Shining One

Shops:
D:11 *   Orc:2 =*[*

Annotations:
D:3 2 runed translucent doors, kae's ghost, amateur TeFE
D:6 2 transporters, Flugslaktarn's ghost, novice DDFi
Lair:6 3 runed translucent doors, Lugonue's ghost, journeyman HOFi; Scuka's ghost, journeyman GrEE; kae's ghost, journeyman DrTm


Innate Abilities, Weirdness & Mutations

You cannot wear armour.
You are incapable of wielding weapons or throwing items.
Your paws allow you to move quietly. (Stealth)
You have sharp claws.
You have razor-sharp teeth.
You have supernaturally acute eyesight. (SInv)
You are carnivorous and can eat meat at any time.
You cover ground quickly.
Your thick and shaggy fur keeps you warm. (AC +3, rC+)
You have a slow metabolism.
Your sharp claws are effective at attacking unaware monsters.
You are agile. (Dex +2)
You are dopey. (Int -2)
You expend magic power (3 MP) to strengthen your wands.


Message History

You feel your power returning.
Aim: a redback The air twists around and strikes the redback!
A tarantella comes into view.
Aim: a redback (heavily wounded)
The air twists around and strikes the redback!
You kill the redback!
Vehumet accepts your kill.
You feel your power returning.
The tarantella hisses angrily.
Aim: a redback The air twists around and strikes the redback!
You hear an angry hiss. x2
Aim: a redback (heavily wounded)
The air twists around and strikes the redback!
You kill the redback!
Vehumet accepts your kill.
You feel your power returning.
An orb spider comes into view.
You begin to radiate toxic energy.
The tarantella is poisoned.
The orb spider hisses angrily.
The orb spider is poisoned.
A wolf spider comes into view.
Aim: a tarantella (lightly wounded, poisoned)
The air twists around and strikes the tarantella!
The tarantella looks even sicker.
The wolf spider is poisoned.
Your toxic aura wanes.
The tarantella closely misses you.
The orb spider spins a strand of pure energy.
The tarantella bites you!
You are confused.
You're too confused to move!
The tarantella closely misses you.
You scratch the tarantella but do no damage.
Your bite misses the tarantella. The tarantella closely misses you.
A redback comes into view.
The tarantella closely misses you.
A redback comes into view.
You bump into the rock wall.
You kill the tarantella!
Vehumet accepts your kill.
You feel your power returning. The wolf spider hits you!
The wolf spider closely misses you. The wolf spider closely misses you.
The wolf spider completely misses you.
You're too confused to move!
The wolf spider looks more healthy.
The wolf spider hits you!
* * * LOW HITPOINT WARNING * * *
The wolf spider bites you!
* * * LOW HITPOINT WARNING * * *
The wolf spider hits you!
You die...

....##.....##
.....###....#
#...#.....##
#...^......#
####s.†.####
#......#
#....###
##.s.#^#
###@..#
#.†.......#
s.....s?...##
.....###....<..
...#.. .......
.. ### ...$..#
. ##..... .^#..


You could see a wolf spider, an orb spider and a redback.

Vanquished Creatures
  Rupert (D:15)
  Gastronok (Lair:1)
  Agnes (D:14)
  Nessos (Orc:2)
  The ghost of Vabeppot the Carver, a journeyman DrGl of Ashenzari (Lair:5)
  A dire elephant (Lair:4)
  Snorg (D:13)
  Josephine (D:15)
  Erolcha (D:11)
  Harold (D:10)
  3 hydras
  A rakshasa (D:15)
  3 centaur warriors
  An anaconda (Lair:6)
  A tengu warrior (D:15)
  A catoblepas (D:15)
  4 two-headed ogres
  An orc high priest (Orc:1)
  Urug (D:13)
  Sonja (Lair:2)
  5 skeletal warriors
  An unseen horror (D:13)
  2 orc knights (Orc:2)
  8 wolf spiders
  7 orb spiders
  6 oklob plants
  A deep elf mage (D:13)
  8 ugly things
  2 manticores (D:12)
  17 elephants
  A salamander (D:15)
  7 cyclopes
  2 centaur zombies
  2 black mambas
  3 merfolk sirens (Lair:4)
  Joseph (D:7)
  12 spiny frogs
  3 rime drakes
  A torpor snail (Lair:6)
  3 demonic crawlers
  8 komodo dragons
  A queen bee (D:11)
  10 polar bears (Lair:6)
  16 jumping spiders
  3 meliai (D:12)
  A tengu conjurer (D:15)
  2 merfolk
  4 hornets
  2 hippogriffs
  2 trolls
  6 blink frogs
  4 raiju (Lair:6)
  14 dream sheep
  A redback (shapeshifter) (D:15)
  A spriggan (Lair:4)
  30 redbacks
  4 wyverns
  6 wraiths
  40 yaks
  A shadow (D:13)
  16 tarantellas
  A yak (shapeshifter) (D:12)
  5 basilisks
  7 vampire mosquitoes
  A hungry ghost (D:13)
  Menkaure (D:7)
  5 wargs
  14 water moccasins
  A soldier ant (D:14)
  2 acid dragons (D:13)
  13 hell hounds (Lair:6)
  A floating eye (Lair:3)
  6 porcupines
  33 orc warriors
  4 ice beasts
  2 sky beasts
  13 black bears
  4 phantoms
  A necrophage (D:6)
  14 ogres
  20 wolves
  19 centaurs
  7 crocodiles
  5 big kobolds
  19 bullfrogs
  A wyvern zombie (D:14)
  3 scorpions
  23 killer bees (D:11)
  12 wights
  6 electric eels
  4 howler monkeys (D:8)
  5 crimson imps
  A bullfrog zombie (D:11)
  4 hounds
  4 jellies
  17 orc wizards
  2 quasits
  2 bullfrog skeletons
  3 gnoll shamans
  16 orc priests
  6 centaur skeletons
  3 iguanas
  13 worker ants
  A hound zombie (D:9)
  16 gnolls
  13 adders
  A shadow imp (D:11)
  3 oozes (Lair:6)
  3 adder skeletons
  4 worms
  2 dart slugs
  5 leopard geckos
  76 orcs
  A ball python (D:2)
  2 giant cockroaches
  4 goblins
  4 hobgoblins
  5 jackals
  5 quokkas
  4 bats
  14 kobolds
  A leopard gecko skeleton (D:5)
  2 quokka skeletons (D:4)
  6 rats
  A butterfly (Lair:1)
  A plant (Lair:1)
788 creatures vanquished.

Vanquished Creatures (collateral kills)
  2 emperor scorpions (Spider:1)
  An ironheart preserver (D:13)
  2 wolf spiders (Spider:1)
  A centaur skeleton (D:13)
  A demonic crawler (Spider:1)
  3 redbacks (Spider:2)
10 creatures vanquished.

Vanquished Creatures (others)
  A wolf spider (Spider:1)
  A hippogriff (Lair:6)
  62 fungi
  34 plants
  4 withered plants (Lair:6)
102 creatures vanquished.

Grand Total: 900 creatures vanquished

Notes
Turn   | Place    | Note
-------+----------+-------------------------------------------
     0 | D:1      | vurker the Felid Air Elementalist began the quest for the
                  | Orb.
     0 | D:1      | Reached XP level 1. HP: 7/7 MP: 4/4
   212 | D:1      | Reached skill level 1 in Conjurations
   999 | D:2      | Reached XP level 2. HP: 12/12 MP: 1/6
  1514 | D:2      | Reached XP level 3. HP: 15/15 MP: 0/7
  1591 | D:2      | Reached skill level 1 in Fighting
  1707 | D:2      | Found a shattered altar of Ashenzari.
  1709 | D:2      | Found a shimmering blue altar of Sif Muna.
  1940 | D:2      | Found a sparkling altar of Nemelex Xobeh.
  1942 | D:2      | Found a snail-covered altar of Cheibriados.
  1958 | D:2      | Found a basalt altar of Yredelemnul.
  1998 | D:2      | Reached XP level 4. HP: 15/19 MP: 9/9
  2395 | D:3      | Noticed a bullfrog
  2407 | D:3      | Killed a bullfrog
  2407 | D:3      | Reached XP level 5. HP: 18/22 MP: 7/10
  2494 | D:3      | Found a sacrificial altar of Ru.
  2615 | D:3      | Found a large runed translucent door.
  2615 | D:3      | Found a large runed translucent door.
  2617 | D:3      | Noticed kae's ghost (amateur TeFE)
  3043 | D:3      | Found an ancient bone altar of Kikubaaqudgha.
  3045 | D:3      | Found a blossoming altar of Fedhas.
  3584 | D:4      | Noticed an ogre
  3593 | D:3      | Learned a level 5 spell: Lightning Bolt
  3598 | D:3      | Learned a level 4 spell: Airstrike
  3893 | D:4      | Gained mutation: You are covered in thick fur. (AC +2)
                  | [Felid growth]
  3893 | D:4      | Reached XP level 6. HP: 17/26 MP: 12/12
  4049 | D:4      | Found a staircase to the Ecumenical Temple.
  4083 | Temple   | Entered the Ecumenical Temple
  4735 | D:4      | Reached XP level 7. HP: 30/30 MP: 14/14
  5126 | D:5      | Entered Level 5 of the Dungeon
  5254 | D:5      | Reached skill level 5 in Air Magic
  5676 | D:5      | Reached skill level 5 in Spellcasting
  6341 | D:6      | Reached XP level 8. HP: 29/34 MP: 16/16
  7039 | D:6      | Found a transporter.
  7039 | D:6      | Noticed Flugslaktarn's ghost (novice DDFi)
  7040 | D:6      | Found a transporter.
  7051 | D:6      | Identified the cursed +0 dire flail of the Reaper {pain,
                  | rC+ Str-3 SInv}
  7051 | D:6      | Noticed a two-headed ogre
  7195 | D:7      | Noticed Joseph
  7200 | D:7      | Shot with a sling bullet by Joseph
  7201 | D:7      | Reached XP level 7. HP: -11/31 MP: 7/25
  7309 | D:7      | Killed Joseph
  7314 | D:7      | Reached XP level 8. HP: 29/36 MP: 2/18
  8894 | D:7      | Noticed Menkaure
  8900 | D:7      | Killed Menkaure
  8901 | D:7      | Noticed a hornet
  8902 | D:7      | Killed a hornet
  9047 | D:7      | Reached skill level 5 in Fighting
  9162 | D:7      | Reached XP level 9. HP: 40/40 MP: 20/20
  9628 | D:8      | Noticed an elephant
  9913 | D:8      | Reached skill level 5 in Conjurations
  9939 | D:8      | Killed an elephant
 10095 | D:8      | Found a staircase to the Lair.
 10336 | D:8      | Noticed a two-headed ogre
 10342 | D:8      | Killed a two-headed ogre
 10342 | D:8      | Reached XP level 10. HP: 45/45 MP: 7/23
 12082 | D:8      | Noticed a three-headed hydra
 12136 | D:8      | Killed a three-headed hydra
 12369 | D:8      | Found an opulent altar of Gozag.
 12373 | D:8      | Found an ornate altar of the Wu Jian Council.
 12378 | D:8      | Found an iron altar of Okawaru.
 12945 | D:9      | Found a staircase to the Orcish Mines.
 13285 | D:9      | Found a radiant altar of Vehumet.
 13293 | D:9      | Became a worshipper of Vehumet
 13777 | D:10     | Entered Level 10 of the Dungeon
 13994 | D:10     | Noticed Harold
 13997 | D:10     | Noticed a two-headed ogre
 14001 | D:10     | Killed Harold
 14001 | D:10     | Reached XP level 11. HP: 41/49 MP: 6/25
 14063 | D:10     | Killed a two-headed ogre
 14574 | D:10     | Noticed a two-headed ogre
 14579 | D:10     | Killed a two-headed ogre
 15538 | D:10     | Reached * piety under Vehumet
 15538 | D:10     | Offered knowledge of Foxfire by Vehumet.
 16282 | D:11     | Reached skill level 10 in Air Magic
 16516 | D:11     | Got an ancient pewter amulet
 16517 | D:11     | Identified the amulet "Jileng" {Faith Int+4 Dex+2} (You
                  | found it on level 11 of the Dungeon)
 16566 | D:11     | Noticed Erolcha
 16572 | D:11     | Killed Erolcha
 16572 | D:11     | Reached skill level 10 in Spellcasting
 16572 | D:11     | Reached skill level 1 in Evocations
 16799 | D:11     | You fall into a shaft and drop 1 floor!
 16977 | D:12     | Noticed a centaur warrior
 17057 | D:12     | Killed a centaur warrior
 17302 | D:12     | Noticed a skeletal warrior
 17302 | D:12     | Noticed a skeletal warrior
 17304 | D:12     | Noticed a skeletal warrior
 17306 | D:12     | Noticed a skeletal warrior
 17413 | Lair:1   | Entered Level 1 of the Lair of Beasts
 17594 | Lair:1   | Noticed Gastronok
 17604 | Lair:1   | Killed Gastronok
 17604 | Lair:1   | Reached skill level 5 in Dodging
 17604 | Lair:1   | Gained mutation: Your thick and shaggy fur keeps you warm.
                  | (AC +3, rC+) [Felid growth]
 17604 | Lair:1   | Reached XP level 12. HP: 55/55 MP: 17/27
 17984 | Lair:1   | Reached ** piety under Vehumet
 17984 | Lair:1   | Offered knowledge of Magic Dart by Vehumet.
 18912 | Lair:2   | Found a hole to the Spider Nest.
 19411 | Lair:2   | Noticed Sonja
 19413 | Lair:2   | Killed Sonja
 20185 | Lair:3   | HP: 1/56 [acid (19)]
 20731 | Lair:3   | Offered knowledge of Frozen Ramparts by Vehumet.
 21568 | Lair:4   | Reached skill level 5 in Evocations
 21752 | Lair:4   | Reached XP level 13. HP: 60/60 MP: 12/29
 21832 | Lair:4   | Reached *** piety under Vehumet
 22617 | Lair:4   | Offered knowledge of Mephitic Cloud by Vehumet.
 22900 | Lair:4   | Found a staircase to the Shoals.
 23119 | Lair:4   | Noticed a dire elephant
 23223 | Lair:4   | Killed a dire elephant
 23632 | Lair:5   | Gained mutation: You are dopey. (Int -2) [potion of
                  | mutation]
 23632 | Lair:5   | Gained mutation: You evolve. [potion of mutation]
 23632 | Lair:5   | Gained mutation: You rapidly evolve. [potion of mutation]
 23645 | Lair:5   | Gained mutation: You are agile. (Dex +2) [evolution]
 23645 | Lair:5   | Lost mutation: You rapidly evolve. [decline of evolution]
 23905 | Lair:5   | Found a runed translucent door.
 24284 | Lair:5   | Noticed Vabeppot's ghost (journeyman DrGl)
 24341 | Lair:5   | Killed Vabeppot's ghost
 24509 | Lair:6   | Entered Level 6 of the Lair of Beasts
 24607 | Lair:6   | Found a runed translucent gate.
 24617 | Lair:6   | Reached **** piety under Vehumet
 24797 | Lair:6   | Offered knowledge of Olgreb's Toxic Radiance by Vehumet.
 24803 | Lair:6   | Learned a level 4 spell: Olgreb's Toxic Radiance
 25024 | Lair:6   | Found a runed translucent gate.
 25025 | Lair:6   | Found a runed translucent gate.
 25026 | Lair:6   | Noticed Scuka's ghost (journeyman GrEE)
 25026 | Lair:6   | Noticed kae's ghost (journeyman DrTm)
 25026 | Lair:6   | Noticed Lugonue's ghost (journeyman HOFi)
 25113 | Lair:6   | Reached skill level 1 in Poison Magic
 25732 | Lair:6   | Learned a level 5 spell: Summon Mana Viper
 25899 | Lair:6   | Reached ***** piety under Vehumet
 25935 | Lair:6   | Mangled by an eight-headed hydra
 25936 | Lair:6   | Reached XP level 12. HP: -9/57 MP: 31/38
 25953 | Lair:6   | Killed an eight-headed hydra
 25953 | Lair:6   | Reached skill level 1 in Hexes
 25963 | Lair:6   | Reached XP level 13. HP: 51/60 MP: 29/30
 25971 | Lair:6   | Reached skill level 1 in Summonings
 25973 | Lair:6   | Offered knowledge of Freezing Cloud by Vehumet.
 25981 | Lair:6   | Learned a level 6 spell: Freezing Cloud
 26233 | Lair:6   | Found a staircase to the Slime Pits.
 26551 | Lair:6   | Gained mutation: You expend magic power (3 MP) to
                  | strengthen your wands. [evolution]
 28245 | Lair:6   | Identified a scroll of acquirement
 28245 | Lair:6   | Identified the Disquisition on Ensnaring Weightlessness
                  | (You acquired it on level 6 of the Lair of Beasts)
 28547 | Orc:1    | Entered Level 1 of the Orcish Mines
 28718 | Orc:2    | Entered Level 2 of the Orcish Mines
 29750 | Orc:2    | Noticed Nessos
 29755 | Orc:2    | Shot with an arrow by Nessos
 29756 | Orc:2    | Reached XP level 12. HP: -2/58 MP: 26/38
 29773 | Orc:2    | Killed Nessos
 30304 | Orc:2    | Reached skill level 5 in Hexes
 30457 | Orc:2    | Found Tutetufaomi's Assorted Antiques.
 30457 | Orc:2    | Found Seonabaq's Armour Shop.
 30459 | Orc:2    | Found Utidados's Assorted Antiques.
 30461 | Orc:2    | Found Apagidgh's Jewellery Shoppe.
 30465 | Orc:2    | Bought a scroll labeled XINOXK IWETUSADU for 20 gold pieces
 30470 | Orc:2    | Bought a sparkling brass ring for 115 gold pieces
 30476 | Orc:2    | Identified the ring "Lituw" {rPois rC+ MP-9 Str+3} (You
                  | bought it in a shop on level 2 of the Orcish Mines)
 30611 | Orc:2    | Found a staircase to the Elven Halls.
 30742 | Orc:2    | Reached skill level 10 in Fighting
 30893 | Orc:2    | Offered knowledge of Orb of Destruction by Vehumet.
 31078 | Orc:1    | Killed an orc high priest
 31536 | D:11     | Reached XP level 13. HP: 36/61 MP: 9/30
 31993 | D:11     | Found Piun's Assorted Antiques.
 33360 | D:13     | Noticed Snorg
 33376 | D:13     | Killed Snorg
 33971 | D:13     | Found a gate to the Vaults.
 33971 | D:13     | Noticed an ironheart preserver
 33995 | D:13     | HP: 2/61 [centaur warrior skeleton (5)]
 34009 | D:13     | Killed an ironheart preserver
 34009 | D:13     | Reached skill level 10 in Dodging
 34012 | D:13     | Offered knowledge of Iskenderun's Battlesphere by Vehumet.
 34743 | D:13     | Reached skill level 5 in Summonings
 35169 | D:13     | Noticed Urug
 35190 | D:13     | Killed Urug
 36009 | D:14     | Lost mutation: You evolve. [end of evolution]
 37171 | D:15     | Entered Level 15 of the Dungeon
 37171 | D:15     | Noticed Agnes
 37356 | D:15     | Reached XP level 14. HP: 66/66 MP: 23/32
 37423 | D:15     | Noticed Josephine
 37480 | D:15     | Killed Josephine
 37514 | D:14     | Killed Agnes
 37920 | D:15     | Found a hide-covered altar of Uskayaw.
 38920 | D:15     | HP: 3/66 [poisoned by a wolf spider]
 38928 | D:15     | HP: 3/66 [poisoned by a wolf spider]
 38936 | D:15     | HP: 3/66 [poisoned by a wolf spider]
 39237 | D:15     | Found a staircase to the Depths.
 39871 | D:15     | Noticed Rupert
 39881 | D:15     | Killed Rupert
 40435 | D:15     | Found a staircase to the Depths.
 40501 | D:15     | Found a hide-covered altar of Uskayaw.
 40826 | Spider:1 | Entered Level 1 of the Spider Nest
 41048 | Spider:1 | Reached ****** piety under Vehumet
 41139 | Spider:1 | Noticed an emperor scorpion
 41173 | Spider:1 | Killed an emperor scorpion
 41173 | Spider:1 | Offered knowledge of Yara's Violent Unravelling by Vehumet.
 42223 | Spider:1 | Noticed an emperor scorpion
 42264 | Spider:1 | Killed an emperor scorpion
 43447 | Spider:2 | Noticed an emperor scorpion
 43451 | Spider:2 | Reached XP level 15. HP: 26/70 MP: 33/33
 43453 | Spider:2 | HP: 2/70 [wolf spider (16)]
 43453 | Spider:2 | Mangled by an emperor scorpion
 43454 | Spider:2 | Reached XP level 14. HP: -8/66 MP: 41/41
 43677 | Spider:3 | Offered knowledge of Ozocubu's Refrigeration by Vehumet.
 43806 | Spider:3 | Mangled by a wolf spider

Levels and vault maps discovered:
D:1:      dpeg_arrival_fog, layout_rooms, serial_bayou_lake_a
D:2:      layout_rooms, nicolae_overflow_hidden_temple, first_ration,
          minmay_goblin_kobold_house
D:3:      layout_rooms, grunt_temple_overflow_growth_and_decay,
          ebering_ghost_disaster_area, nicolae_ru_the_path_less_chosen
D:4:      layout_basic, minmay_temple_entry_antechambers,
          chequers_serial_rivers_small_b
D:5:      minmay_chambers_of_threes, layout_basic
D:6:      layout_rooms, gammafunk_ghost_smash
D:7:      layout_layer_cave, uniq_joseph, uniq_menkaure
D:8:      layout_cave_pods, minmay_overflow_temple_star_quad,
          david_lair_generic, hangedman_ranch [blue_anna_fruit_fields]
D:9:      layout_gridville, old_standard_altar, orc_0_dummy
D:10:     layout_basic, hex_tiny, grunt_ministairs_3, kennysheep_boxes,
          uniq_harold
D:11:     layout_rooms, serial_shops, nicolae_shop_crystal, special_room
          [special_room_bee], uniq_erolcha
D:12:     layout_roguey
D:13:     layout_basic, skrybe_vaults_entry_preservation, uniq_snorg, uniq_urug
D:14:     layout_roguey, minmay_strange_pillars, minivault_23, st_stairs_7
D:15:     hangedman_depths_entry_try_elsewhere_first, layout_basic,
          kennysheep_doodads, basic_altar, uniq_josephine, uniq_agnes,
          uniq_rupert
Temple:   jpeg_temple_alley_garden
Lair:1:   layout_loops_ring, beast_lair_carwin_8, lemuel_fruit_fields,
          uniq_gastronok
Lair:2:   layout_chaotic_city, nicolae_spider_entry_orb_guardian,
          chequers_serial_rivers_small_a, infiniplex_staircase_pool_2,
          uniq_sonja
Lair:3:   layout_loops_ring, disabler_island
Lair:4:   mu_elephants_graveyard, layout_regular_city, elwin_shoals_entry_stream
Lair:5:   layout_gridlike, ebering_ghost_reflecting_pool
Lair:6:   hangedman_lair_caniforms_friends, layout_regular_city,
          nicolae_slime_entry_slimehenge, gammafunk_ghost_cemetery,
          minmay_lair_oklob_chamber, grunt_megastairs_1
Spider:1: layout_spider_delve, hangedman_spider_mandibles
Spider:2: layout_spider_delve, uniq_donald, uniq_arachne
Spider:3: layout_spider_delve
Orc:1:    layout_caves
Orc:2:    st_orc_rangers, layout_diamond_mine, mines2_lemuel, uniq_nessos

Skill      XL: |  1  2  3  4  5  6  7  8  9 10 11 12 13 14 |
---------------+-------------------------------------------+-----
Conjurations   | 1 2 4 5 7 8 |  8.0
Air Magic      | 3 4 5 7 8 9 10 11 13 | 13.9
Fighting       | 1 2 4 5 6 7 10 9 | 10.9
Spellcasting   | 3 4 6 7 8 9 10 11 13 | 13.8
Dodging        | 5 7 10 | 10.0
Evocations     | 3 5 7 8 |  8.9
Poison Magic   | 3 |  3.0
Hexes          | 5 6 8 |  8.6
Summonings     | 5 7 |  7.5
Stealth        | |  2.6

Action                   |  1- 3 |  4- 6 |  7- 9 | 10-12 | 13-15 || total
-------------------------+-------+-------+-------+-------+-------++-------
Melee: Unarmed           |    29 |       |    14 |    32 |    23 ||    98
       Bite              |     3 |       |     1 |     5 |       ||     9
 Cast: Shock             |    78 |   106 |    24 |    18 |     2 ||   228
       Airstrike         |       |    18 |   150 |   504 |  1063 ||  1735
       Olgreb's Toxic Ra |       |       |       |     2 |    45 ||    47
       Summon Mana Viper |       |       |       |       |    28 ||    28
       Freezing Cloud    |       |       |       |       |     2 ||     2
Evoke: Wand              |       |       |     7 |    18 |    22 ||    47
  Use: Scroll            |    10 |     4 |     1 |    11 |    13 ||    39
       Potion            |       |       |       |       |     7 ||     7
 Stab: Paralysed         |       |       |       |     8 |       ||     8
       Sleeping          |       |       |       |     1 |       ||     1
  Eat: Chunk             |    10 |     5 |    38 |    55 |    49 ||   157
Armor: Skin              |       |       |     1 |     7 |    18 ||    26
Dodge: Dodged            |    28 |    37 |    37 |   125 |   413 ||   640

Table legend:
 A = Non-vault XP
 B = Vault XP
 C = Vault XP percentage of total XP
 D = Non-vault monster count
 E = Vault monster count
 F = Vault count percentage of total count
                 A         B        C        D         E       F
            +---------+---------+-------+---------+---------+-------
      Total |   95076 |   63815 |  40.2 |     572 |     225 |  28.2
            +---------+---------+-------+---------+---------+-------
        D:1 |       7 |       0 |   0.0 |       5 |       0 |   0.0
        D:2 |     107 |       6 |   5.3 |      24 |       5 |  17.2
        D:3 |     215 |       0 |   0.0 |      19 |       0 |   0.0
        D:4 |     530 |       0 |   0.0 |      20 |       0 |   0.0
        D:5 |     204 |     205 |  50.1 |       5 |       8 |  61.5
        D:6 |     773 |       0 |   0.0 |      19 |       0 |   0.0
        D:7 |    1113 |     566 |  33.7 |      36 |       2 |   5.3
        D:8 |    3198 |    3296 |  50.8 |      37 |      12 |  24.5
        D:9 |    1063 |       0 |   0.0 |      19 |       0 |   0.0
       D:10 |    3583 |    1301 |  26.6 |      34 |       3 |   8.1
       D:11 |    2505 |    2413 |  49.1 |      28 |      19 |  40.4
       D:12 |    8855 |       0 |   0.0 |      34 |       0 |   0.0
       D:13 |    9383 |    5830 |  38.3 |      45 |      11 |  19.6
       D:14 |    3233 |    2197 |  40.5 |       9 |       2 |  18.2
       D:15 |    8984 |    6164 |  40.7 |      23 |       9 |  28.1
     Lair:1 |    2280 |    4479 |  66.3 |      12 |       8 |  40.0
     Lair:2 |    2106 |    1382 |  39.6 |       8 |       2 |  20.0
     Lair:3 |    3487 |    1793 |  34.0 |      17 |       4 |  19.0
     Lair:4 |    2646 |   10258 |  79.5 |      14 |      21 |  60.0
     Lair:5 |    3462 |    1325 |  27.7 |      11 |       1 |   8.3
     Lair:6 |    6097 |   16309 |  72.8 |      25 |      79 |  76.0
   Spider:1 |   18887 |       0 |   0.0 |      53 |       0 |   0.0
   Spider:2 |    5410 |       0 |   0.0 |      22 |       0 |   0.0
   Spider:3 |    4049 |       0 |   0.0 |      15 |       0 |   0.0
      Orc:1 |    1646 |       0 |   0.0 |      15 |       0 |   0.0
      Orc:2 |    1253 |    6291 |  83.4 |      23 |      39 |  62.9
            +---------+---------+-------+---------+---------+-------
